Map: Dreamcatcher LE

Players

Zanster - Winner!

  • Race: Zerg Zerg
  • Spawn Location: 5:00

Wilo

  • Race: Zerg Zerg
  • Spawn Location: 11:00

Event: WCS Montreal 2018

VOD

Have the link to the VOD?

Description

Time

  • Played on: Sept. 7, 2018, 1:35 p.m.
  • Length: 7:28

All games in this series

Show
View Real Time Build Order
Export as new Build Order

Zanster Zerg - Winner!

Build Orders: Pool First 

Get SALT Encoding   

  12  0:17  Spawning Pool  
  11  0:22  Drone  
  11  0:26  Drone  
  13  0:30  Drone  
  14  0:40  Overlord  
  15  1:04  Zergling x4, Queen  
  15  1:05  Zergling x2  
  19  1:16  Zergling x2  
  20  1:28  Zergling x2  
  21  1:34  Hatchery  
  21  1:38  Drone  
  21  1:48  Overlord  
  21  1:54  Extractor  
  21  2:01  Queen  
  20  2:07  Drone  
  22  2:10  Drone  
  22  2:12  Drone  
  22  2:15  Drone  
  25  2:21  Drone  
  25  2:22  Drone  
  27  2:34  Drone  
  27  2:37  Queen  
  29  2:45  Overlord  
  29  2:48  Zergling x2  
  30  2:59  Drone x2  
  30  3:07  Drone  
  30  3:09  Drone  
  30  3:10  Drone x3  
  35  3:20  Drone  
  35  3:23  Drone  
  37  3:32  Drone x2, Evolution Chamber  
  38  3:39  Overlord  
  38  3:45  Drone  
  38  3:46  Drone x3  
  42  3:48  Drone  
  43  3:58  Drone x4  
  43  4:00  Zerg Missile Weapons Level 1  
  47  4:06  Overlord  
  47  4:15  Hatchery  
  46  4:17  Extractor, Drone  
  46  4:19  Drone  
  46  4:20  Drone  
  46  4:22  Lair  
  48  4:29  Roach Warren  
  48  4:30  Drone  
  48  4:31  Drone  
  49  4:34  Overlord  
  49  4:35  Drone  
  50  4:39  Drone  
  50  4:43  Queen  
  52  4:46  Drone  
  52  4:47  Extractor  
  52  4:49  Drone  
  52  4:50  Drone x3  
  56  4:54  Overlord  
  56  5:04  Overlord  
  56  5:12  Roach  
  56  5:13  Roach x4  
  66  5:15  Roach  
  66  5:16  Roach  
  66  5:21  Drone x3  
  72  5:24  Glial Reconstitution  
  72  5:26  Overseer  
  72  5:27  Overlord  
  74  5:28  Drone  
  74  5:31  Drone  
  74  5:37  Roach  
  76  5:43  Extractor  
  76  5:44  Roach x2  
  76  5:45  Overlord  
  79  5:54  Drone  
  79  5:55  Drone  
  88  5:57  Drone  
  88  5:58  Drone  
  88  5:59  Drone  
  88  6:02  Drone x2  
  88  6:03  Drone  
  93  6:05  Overlord  
  93  6:15  Roach x4  
  93  6:18  Roach  
  96  6:19  Ravager  
  96  6:21  Ravager, Overlord  
  97  6:27  Extractor, Roach  
  97  6:28  Spine Crawler, Roach x2  
  94  6:33  Roach x2  
  94  6:35  Overlord  
  94  6:37  Roach x2  
  93  6:41  Roach  
  93  6:42  Roach  
  93  6:46  Roach x2  
  95  6:51  Roach x2  
  95  6:53  Roach  
  101  6:54  Overlord  
  101  6:55  Roach  
  101  6:56  Roach x2  
  101  6:57  Drone x4  
  101  6:58  Drone x2  
  101  7:00  Roach  
  113  7:04  Roach  
  113  7:07  Roach  
  117  7:10  Ravager  
  123  7:24  Ravager  
Show
View Real Time Build Order
Export as new Build Order

Wilo Zerg 

Build Orders: Hatch First 

Get SALT Encoding   

  12  0:01  Drone  
  13  0:12  Overlord  
  13  0:17  Drone  
  14  0:30  Drone x2  
  16  0:49  Hatchery  
  15  0:52  Drone  
  15  0:55  Drone  
  17  0:58  Drone  
  17  1:02  Extractor  
  17  1:14  Spawning Pool  
  17  1:17  Drone  
  17  1:20  Drone  
  18  1:28  Drone  
  17  2:01  Zergling x6  
  18  2:10  Zergling x2, Queen  
  19  2:15  Zergling x4  
  20  2:24  Drone  
  20  2:26  Drone  
  21  2:38  Overlord  
  21  2:41  Drone  
  22  2:45  Drone  
  23  2:58  Drone x2  
  23  2:59  Drone  
  25  3:11  Queen  
  27  3:13  Evolution Chamber  
  27  3:15  Drone  
  27  3:21  Evolution Chamber  
  27  3:23  Zergling x2  
  27  3:32  Roach Warren  
  27  3:33  Drone  
  28  3:38  Overlord  
  28  3:52  Overlord  
  28  3:57  Drone x2  
  28  3:58  Drone x3  
  33  4:09  Drone x2  
  35  4:14  Drone  
  35  4:16  Zerg Ground Armor Level 1  
  36  4:19  Roach Warren  
  36  4:22  Drone x2  
  37  4:27  Overlord  
  37  4:33  Drone x3  
  40  4:47  Evolution Chamber  
  40  4:49  Zergling x6  
  43  5:03  Queen, Overlord  
  43  5:04  Extractor, Zergling x6  
  46  5:08  Metabolic Boost  
  46  5:10  Zergling x6  
  49  5:17  Zergling x4  
  49  5:20  Overlord  
  51  5:28  Zergling x2  
  52  5:30  Zergling x2  
  53  5:36  Lair  
  53  5:39  Zergling x2  
  54  5:45  Zergling x2  
  54  5:49  Zergling x2  
  56  6:06  Pneumatized Carapace  
  56  6:10  Zergling x12  
  60  6:18  Drone  
  57  6:20  Extractor  
  57  6:23  Zergling x2  
  52  6:30  Zergling x6  
  49  6:39  Drone x2  
  48  6:42  Drone  
  47  6:51  Extractor, Drone x2  
  48  6:56  Drone  
  48  6:57  Drone x6  
  48  6:58  Hydralisk Den  
  54  7:05  Hatchery  
  52  7:10  Zergling x4  
Tags
 
Add a new tag
Caveats
  • Supply blocks, unpowered buildings, or Contaminate may cause inaccurate times.
  • Supply counts are checked every 10 seconds.